 Dungeon Crawl Stone Soup version 0.19-a0-231-gae044c8 (webtiles) character file.

102542 namelastname112 the Brawler (level 16, -10/141 HPs)
             Began as a Ghoul Monk on May 24, 2016.
             Was the Champion of Hepliaklqana.
             Killed from afar by a manticore (25 damage)
             ... with a volley of spikes
             ... on level 15 of the Dungeon.
             The game lasted 00:55:48 (30997 turns).

namelastname112 the Brawler (Ghoul Monk)           Turns: 30997, Time: 00:55:49

Health: -10/141    AC: 21    Str: 22    XL:     16   Next: 33%
Magic:  23/23      EV: 10    Int:  5    God:    Hepliaklqana [******]
Gold:   1522       SH: 17    Dex: 11    Spells: 0 memorised, 15 levels left

rFire  . . .     SeeInvis .       - Unarmed
rCold  + + .     Gourm    .     S - +4 plate armour {rC+}
rNeg   + + +     Faith    .     K - +0 shield
rPois  ∞         Spirit   .     P - +1 hat
rElec  .         Dismiss  .     (no cloak)
rCorr  .         Reflect  +     (no gloves)
SustAt .         Harm     .     (no boots)
MR     +....                    n - +5 amulet of reflection
Stlth  ..........               L - +3 ring of slaying
                                v - +2 ring of protection

@: manticore barbs, rotting, somewhat resistant to hostile enchantments,
extremely unstealthy
A: rotting body, claws 1, carnivore 3, cold resistance 1, negative energy
resistance 3, slow regeneration 1, torment resistance, unbreathing
a: Recall Ancestor, Ancestor Identity, Transference, Idealise, Renounce Religion


You were on level 15 of the Dungeon.
You worshipped Hepliaklqana.
Hepliaklqana was exalted by your worship.
You were not hungry.

You visited 3 branches of the dungeon, and saw 25 of its levels.
You also visited: Labyrinth, Bailey and Ice Cave.

You collected 2832 gold pieces.
You spent 1310 gold pieces at shops.

Inventory:

Hand Weapons
 J - a +0 blowgun
Missiles
 e - 13 throwing nets (quivered)
 I - 10 curare-tipped needles
Armour
 K - a +0 shield (worn)
 P - a +1 hat (worn)
 S - a +4 plate armour of cold resistance (worn)
Jewellery
 a - an uncursed ring of fire
 h - an uncursed ring of protection from magic
 n - a +5 amulet of reflection (around neck)
 v - a +2 ring of protection (left claw)
 L - a +3 ring of slaying (right claw)
Wands
 c - a wand of confusion (12/48)
 y - a wand of flame (48/48)
 M - a wand of flame (22/48)
 O - a wand of lightning (6/15)
 R - a wand of digging (15/24)
Scrolls
 d - 3 scrolls of immolation
 g - 4 scrolls of amnesia
 j - 2 scrolls of blinking
 m - 14 scrolls of remove curse
 q - a scroll of teleportation
 x - 4 scrolls of enchant weapon
 C - 5 scrolls of identify
 E - 4 scrolls of recharging
 G - a scroll of fog
Potions
 f - 7 potions of flight
 k - a potion of resistance
 l - 5 potions of degeneration
 p - 3 potions of heal wounds
 r - 4 potions of agility
 w - 4 potions of might
 z - 2 potions of magic
 B - 4 potions of haste
 D - 5 potions of curing
 F - 2 potions of brilliance
 H - 2 potions of invisibility
Books
 o - a book of Spatial Translocations

   Spells                             Type                      Level
   a - Apportation                    Translocation                1
   b - Blink                          Translocation                2
   c - Shroud of Golubria             Charms/Translocation         2
   d - Portal Projectile              Translocation                3
   e - Teleport Other                 Translocation                3
   f - Passage of Golubria            Translocation                4
 Q - a book of the Tempests

   Spells                             Type                      Level
   a - Static Discharge               Conjuration/Air              3
   b - Lightning Bolt                 Conjuration/Air              5
   c - Fireball                       Conjuration/Fire             5
   d - Tornado                        Air                          9
   e - Shatter                        Earth                        9
Miscellaneous
 N - a box of beasts
Comestibles
 b - 7 meat rations
 s - 10 slices of pizza
 t - 2 beef jerkies
 A - 15 royal jellies


   Skills:
 + Level 12.6 Fighting
 + Level 10.3 Armour
 + Level 10.8 Dodging
 - Level 2.1 Stealth
 + Level 10.1 Shields
 * Level 16.7 Unarmed Combat
 + Level 11.4 Invocations


You had 15 spell levels left.
You didn't know any spells.

Dungeon Overview and Level Annotations

Branches:
Dungeon (15/15)            Temple (0/1) D:4            Lair (8/8) D:8
  Swamp (0/4) Lair:6       Spider (0/4) Lair:5        Slime (0/6) Lair:6
    Orc (2/2) D:12            Elf (0/3) Orc:2        Vaults (0/5) D:14
 Depths: D:15

Altars:
Ashenzari
Cheibriados
Elyvilon
Gozag
Hepliaklqana
Kikubaaqudgha
Makhleb
Nemelex Xobeh
Okawaru
Pakellas
Qazlal
Sif Muna
Trog
Ukayaw
Vehumet
Xom
Zin
The Shining One
Beogh
Jiyva

Shops:
D:8 ?((   D:12 %   D:14 :   Orc:1 (   Orc:2 ![}:

Portals:
Trove: D:11 (give +4 fire dragon armour)

Annotations:
Lair:6 1 runed door


Innate Abilities, Weirdness & Mutations

Your body is rotting away.
You thrive on raw meat.
You are immune to poison.
You have sharp fingernails.
You are carnivorous and can eat meat at any time.
Your flesh is cold resistant. (rC+)
You are immune to negative energy. (rN+++)
You regenerate slowly when monsters are visible.
You are immune to unholy pain and torment.
You can survive without breathing.


Message History

The wraith is unaffected. x2; The centaur zombie is unaffected.
The red ugly thing looks frightened!
You block the centaur zombie's attack.
The death knight offers itself to Yredelemnul, and fills with unholy energy.
You block the wraith's attack.
The centaur zombie hits you but does no damage.
You block the centaur zombie's attack.
A manticore comes into view.
The manticore flicks its tail.
The volley of spikes reflects off an invisible shield around you!
The volley of spikes hits the manticore.
Throwing (i - inventory):
e - 13 throwing nets (quivered)
Press: ? - help, Shift-Dir - straight line, f - wraith
Aim: a wraith (lightly damaged, immune to nets)
Okay, then.
Unknown command.
Unknown command.
The manticore flicks its tail.
The volley of spikes hits you!
The barbed spikes become lodged in your body.
You die...

............. .......
............. .......
.......(..... .......
......()..... .......
.....(....... .......##
............. ........#
............. ..H.....+
............. .......@#
.............
........###########.....
........W.........#.....
.........W........#.....
..................#.....
..................#.....
..................######
........................
....................p...


You could see a manticore and 2 wraiths.

Vanquished Creatures
  Kirke (Lair:8)
  A frost giant (IceCv)
  2 orc warlords
  4 dire elephants (Lair:8)
  The ghost of Kidiri the Fighter, a journeyman HOFi of Beogh (Orc:2)
  A minotaur (Lab)
  4 vault guards
  Harold (Lair:1)
  4 hydras
  Erica (Lair:1)
  Erolcha (Orc:2)
  2 ogre magi (Orc:2)
  8 death yaks
  Urug (D:14)
  Sonja (D:12)
  The ghost of DEFE the Skirmisher, a novice DrFi (D:6)
  A phantasmal warrior (D:15)
  3 hill giants
  An orb spider (Lair:5)
  A deep elf mage (D:14)
  Pikel (D:6)
  2 orc knights (Orc:2)
  A wolf spider (D:15)
  6 orc sorcerers (Orc:2)
  10 ugly things
  6 cyclopes
  A manticore (D:13)
  3 griffons
  4 black mambas
  16 elephants
  Joseph (D:10)
  13 spiny frogs
  3 gargoyles
  7 komodo dragons
  A queen bee (D:13)
  17 polar bears
  4 two-headed ogres
  Prince Ribbit (D:6)
  4 trolls (D:13)
  A slime creature (D:14)
  22 blink frogs
  Sigmund (D:2)
  3 basilisks
  A tarantella (shapeshifter) (D:14)
  53 yaks
  2 wraiths
  A human (D:9)
  2 wyverns
  14 hippogriffs
  3 hogs (Lair:8)
  Eustachio (D:5)
  10 vampire mosquitoes
  6 wargs
  3 hungry ghosts
  16 water moccasins
  11 porcupines
  30 orc warriors
  4 ice beasts
  A black bear (D:13)
  21 ogres
  4 sky beasts
  2 phantoms
  A slave (D:6)
  27 wolves
  11 crocodiles
  8 centaurs
  A big kobold (D:11)
  A big kobold (shapeshifter) (D:13)
  11 giant frogs
  Blork the orc (D:6)
  8 gnoll sergeants (Bailey)
  6 scorpions
  32 killer bees
  11 wights
  A hexer (D:13)
  6 crimson imps
  7 howler monkeys
  A centaur zombie (D:5)
  2 giant frog zombies
  A quasit (D:10)
  5 gnoll shamans (Bailey)
  17 orc priests
  16 hounds
  5 jellies
  A centaur skeleton (D:8)
  2 giant frog skeletons
  4 iguanas
  3 iron imps (D:5)
  29 orc wizards
  Natasha (thrice) (D:2)
  9 worker ants
  13 sheep
  A hound zombie (D:9)
  A howler monkey zombie (D:9)
  13 gnolls (Bailey)
  39 river rats
  10 adders
  3 shadow imps
  8 white imps (Lair:7)
  3 oozes
  An adder skeleton (D:8)
  An adder zombie (D:5)
  A worm (D:2)
  2 dart slugs (D:1)
  8 giant geckos
  77 orcs
  7 giant cockroaches
  9 hobgoblins
  6 jackals
  10 kobolds
  2 ball pythons
  8 bats
  2 giant gecko zombies (D:6)
  5 giant newts
  11 goblins
  3 quokka skeletons
  9 rats
  2 fungi
  3 plants (Lair:8)
841 creatures vanquished.

Vanquished Creatures (collateral kills)
  Gastronok (Lair:1)
  A dire elephant (Lair:8)
  A hydra (Lair:4)
  An anaconda (Lair:8)
  A death yak (IceCv)
  A cyclops (D:14)
  2 orc sorcerers (Orc:2)
  An ugly thing (D:14)
  The ghost of Lugonue the Unseen, a novice SpWr of Ashenzari (Bailey)
  An elephant (Lair:8)
  A black mamba (Lair:8)
  A spiny frog (Lair:4)
  3 komodo dragons
  A troll (Orc:1)
  A blink frog (Lair:4)
  A polar bear (IceCv)
  A yak (Lair:6)
  A hog (Lair:8)
  A hungry ghost (D:8)
  A warg (Lair:3)
  2 water moccasins
  2 sky beasts
  3 ogres
  An ice beast (D:10)
  2 wolves
  3 centaurs
  A crocodile (Lair:5)
  3 giant frogs
  6 killer bees
  2 howler monkeys (D:8)
  An orc priest (Orc:1)
  A hound (D:4)
  An iguana (D:13)
  4 orc wizards
  6 worker ants
  3 sheep
  A hound skeleton (D:7)
  A hound zombie (D:10)
  A howler monkey skeleton (D:9)
  A gnoll (Bailey)
  8 river rats
  4 white imps (Lair:7)
  2 giant geckos
  13 orcs
  A goblin (D:6)
  A hobgoblin (Orc:1)
  A quokka (D:9)
  A quokka skeleton (D:5)
  A fungus (Lair:7)
100 creatures vanquished.

Vanquished Creatures (others)
  A cyclops (D:13)
  2 slaves (D:6)
  A necrophage (D:8)
  3 centaurs
  2 orc wizards
  A gnoll shaman (Bailey)
  An orc priest (Orc:2)
  25 hexers
  An orc (D:6)
  A kobold (D:11)
  8 bushes (D:12)
  5 fungi
  15 plants
66 creatures vanquished.

Grand Total: 1007 creatures vanquished

Notes
Turn   | Place    | Note
--------------------------------------------------------------
     0 | D:1      | namelastname112 the Ghoul Monk began the quest for the Orb.
     0 | D:1      | Reached XP level 1. HP: 19/19 MP: 0/0
    37 | D:1      | Reached XP level 2. HP: 16/26 MP: 1/1
   206 | D:1      | barbarian: а пити чем набивать?
   241 | D:1      | namelastname112: дамагом
   241 | D:1      | namelastname112: просто дамажь мобов
   480 | D:1      | Reached XP level 3. HP: 27/28 MP: 2/2
   648 | D:1      | Reached skill level 5 in Unarmed Combat
   971 | D:2      | Noticed Sigmund
   979 | D:2      | Killed Sigmund
   979 | D:2      | Reached skill level 1 in Armour
   979 | D:2      | Reached XP level 4. HP: 24/39 MP: 3/3
   979 | D:2      | Reached XP level 5. HP: 27/45 MP: 4/4
  1064 | D:2      | Found a white marble altar of Elyvilon.
  1206 | D:2      | Noticed Natasha
  1220 | D:2      | Killed Natasha
  1220 | D:2      | Reached skill level 6 in Unarmed Combat
  1220 | D:2      | Reached XP level 6. HP: 42/53 MP: 5/5
  1251 | D:2      | Found a bloodstained altar of Trog.
  1258 | D:2      | Noticed Natasha
  1264 | D:2      | Killed Natasha
  1294 | D:2      | Noticed Natasha
  1303 | D:2      | Killed Natasha
  1391 | D:2      | Found an iron altar of Okawaru.
  1444 | D:2      | barbarian: пити теряется моментально
  1448 | D:2      | namelastname112: да
  1448 | D:2      | namelastname112: в этом и суть
  1483 | D:3      | barbarian: 2 звезды на пару ходов максимум
  1501 | D:3      | Noticed an air elemental
  1503 | D:3      | Found a stormy altar of Qazlal.
  1504 | D:3      | Noticed a water elemental
  1504 | D:3      | Noticed a fire elemental
  1545 | D:3      | Found a hazy altar of Hepliaklqana.
  1591 | D:3      | Became a worshipper of Hepliaklqana
  1591 | D:3      | Reached * piety under Hepliaklqana
  1591 | D:3      | Reached ** piety under Hepliaklqana
  1592 | D:3      | Remembered your ancestor Nakurtum as a hexer
  2045 | D:4      | Found a shattered altar of Ashenzari.
  2077 | D:4      | Reached XP level 7. HP: 57/58 MP: 6/6
  2127 | D:4      | Found a deep blue altar of Sif Muna.
  2168 | D:4      | Reached skill level 1 in Shields
  2168 | D:4      | Reached skill level 1 in Invocations
  2410 | D:4      | Reached *** piety under Hepliaklqana
  2493 | D:4      | barbarian: а как ходить сквозь мобов?
  2495 | D:4      | namelastname112: вторая абила
  2495 | D:4      | namelastname112: и выбираешь цель
  2607 | D:4      | Found a staircase to the Ecumenical Temple.
  2650 | D:5      | Entered Level 5 of the Dungeon
  2882 | D:5      | Reached skill level 5 in Fighting
  2884 | D:5      | Reached skill level 7 in Unarmed Combat
  3034 | D:4      | Reached XP level 8. HP: 39/64 MP: 8/8
  3182 | D:5      | Noticed Eustachio
  3204 | D:5      | Killed Eustachio
  3325 | D:5      | Found an oddly glowing altar of Pakellas.
  3451 | D:5      | Found a burning altar of Makhleb.
  3601 | D:5      | Got a warped leather armour
  3612 | D:5      | Identified the +2 leather armour "Xyedo" {MR- Str+2 Int+4} (You found it on level 5 of the Dungeon)
  3689 | D:6      | Noticed Prince Ribbit
  3689 | D:6      | Noticed DEFE's ghost (novice DrFi)
  3690 | D:6      | Noticed Blork the orc
  3726 | D:6      | Killed Blork the orc
  3750 | D:6      | Killed Prince Ribbit
  3782 | D:6      | Killed DEFE's ghost
  3782 | D:6      | Reached skill level 5 in Dodging
  3782 | D:6      | Reached skill level 8 in Unarmed Combat
  3782 | D:6      | Reached XP level 9. HP: 32/78 MP: 10/10
  4101 | D:6      | Noticed Pikel
  4115 | D:6      | Killed Pikel
  4212 | D:6      | Noticed a purple ugly thing
  4224 | D:6      | Killed a purple ugly thing
  4224 | D:6      | Reached skill level 9 in Unarmed Combat
  4291 | D:6      | Reached **** piety under Hepliaklqana
  4378 | D:6      | Found a shimmering altar of Xom.
  4378 | D:6      | Found a glowing golden altar of the Shining One.
  4389 | D:6      | Found a radiant altar of Vehumet.
  4559 | D:6      | Found a hide-covered altar to Ukayaw.
  4717 | D:6      | Found an oddly glowing altar of Pakellas.
  4756 | D:7      | Reached XP level 10. HP: 85/85 MP: 12/12
  4888 | D:7      | Found an opulent altar of Gozag.
  5044 | D:7      | Found a glowing silver altar of Zin.
  5333 | D:7      | Found a sparkling altar of Nemelex Xobeh.
  5511 | D:8      | Found Zoaxtu's Antique Weapon Shop.
  5511 | D:8      | Noticed a gargoyle
  5582 | D:8      | Killed a gargoyle
  5582 | D:8      | Reached skill level 10 in Unarmed Combat
  5582 | D:8      | Reached skill level 5 in Invocations
  5597 | D:8      | Reached skill level 5 in Armour
  5742 | D:8      | Found Byosol's Antique Weapon Shop.
  5953 | D:8      | Found a staircase to the Lair.
  6022 | D:8      | Found Lirob's Magic Scroll Emporium.
  6027 | D:8      | Bought a scroll of fear for 42 gold pieces
  6027 | D:8      | Bought a scroll of blinking for 90 gold pieces
  6030 | D:8      | Reached ***** piety under Hepliaklqana
  6847 | D:9      | Found a snail-covered altar of Cheibriados.
  7613 | D:10     | Entered Level 10 of the Dungeon
  7683 | D:10     | Reached XP level 11. HP: 92/92 MP: 14/14
  7844 | D:10     | Noticed Joseph
  7862 | D:10     | Killed Joseph
  7862 | D:10     | Reached skill level 5 in Shields
  7862 | D:10     | Reached skill level 11 in Unarmed Combat
  8391 | D:10     | Noticed a cyan ugly thing
  8400 | D:10     | Killed a cyan ugly thing
  9005 | D:11     | Noticed a hill giant
  9018 | D:11     | Killed a hill giant
  9255 | D:11     | Found a portal to a secret trove of treasure.
  9458 | D:11     | Noticed a seven-headed hydra
  9880 | D:12     | Noticed a hill giant
  9888 | D:12     | Killed a hill giant
  9935 | D:12     | Noticed a cyclops
  9946 | D:12     | Killed a cyclops
 10061 | D:12     | Found a staircase to the Orcish Mines.
 10078 | D:12     | Found a roughly hewn altar of Beogh.
 10135 | D:12     | Found Cishronk's Food Boutique.
 10168 | D:12     | Reached skill level 12 in Unarmed Combat
 10168 | D:12     | Reached XP level 12. HP: 66/104 MP: 16/16
 10283 | D:12     | Noticed Sonja
 10294 | D:12     | Killed Sonja
 10336 | D:12     | Reached ****** piety under Hepliaklqana
 10910 | D:13     | HP: 1/104 [yak (11)]
 11865 | D:13     | Noticed a four-headed hydra
 11872 | D:13     | Killed a four-headed hydra
 12871 | D:14     | Found a gate to the Vaults.
 12871 | D:14     | Noticed a vault guard
 12871 | D:14     | Noticed a vault guard
 12871 | D:14     | Noticed a vault guard
 12872 | D:14     | Noticed a vault guard
 12900 | D:14     | Reached skill level 10 in Fighting
 13279 | D:13     | Killed a vault guard
 13279 | D:13     | Reached skill level 13 in Unarmed Combat
 13661 | D:13     | Reached XP level 13. HP: 45/113 MP: 18/18
 13834 | D:13     | Killed a vault guard
 13861 | D:13     | Killed a vault guard
 14100 | D:14     | Killed a vault guard
 14176 | D:14     | Noticed Urug
 14192 | D:14     | Killed Urug
 15729 | D:14     | Found Amecis's Book Shoppe.
 16249 | Orc:1    | Entered Level 1 of the Orcish Mines
 16414 | Orc:1    | Found a bloodstained altar of Trog.
 16456 | Orc:1    | Noticed an orc warlord
 16537 | Orc:1    | Found Ylylimi's Weapon Shop.
 16633 | Orc:1    | Noticed an orc warlord
 16656 | Orc:1    | Found a flagged portal.
 16664 | Bailey   | Entered a bailey
 16703 | Bailey   | Noticed Lugonue's ghost (novice SpWr)
 16745 | Bailey   | jacquesderrida: NAMER!!!!!!!!!!!!!!!!!!!!!!!
 16753 | Bailey   | Killed Lugonue's ghost
 16782 | Bailey   | jacquesderrida: Ебать че хуеперого добавили?!
 16796 | Bailey   | namelastname112: да
 16796 | Bailey   | namelastname112: танцора тоже
 16807 | Bailey   | jacquesderrida: В ТРУНКЕ?!
 16875 | Bailey   | jacquesderrida: Надо сегодня когтистым мутантером зогеймить
 16939 | Bailey   | jacquesderrida: и че как мочит
 17101 | Bailey   | namelastname112: пока чет ниоч
 17175 | Bailey   | jacquesderrida: Корону кастует на крыс
 17188 | D:12     | jacquesderrida: И потом кул даун на 100000 ходов
 17472 | D:10     | oplop: о, жока
 17544 | Lair:1   | Entered Level 1 of the Lair of Beasts
 17587 | Lair:1   | Reached skill level 14 in Unarmed Combat
 17594 | Lair:1   | jacquesderrida: ПОЛ ПОТ
 17637 | Lair:1   | oplop: нейм, где твой анальный друг?
 17638 | Lair:1   | jacquesderrida: Почему только пол?
 17661 | Lair:1   | jacquesderrida: Почему не полный?
 17661 | Lair:1   | Noticed Harold
 17677 | Lair:1   | Killed Harold
 17684 | Lair:1   | oplop: у корейцев спроси
 17687 | Lair:1   | jacquesderrida: Или - почему не потолок, или стены?!
 17719 | Lair:1   | oplop: или у въетнамцев
 17748 | Lair:1   | jacquesderrida: че за нахуй на полу лежит
 17756 | Lair:1   | jacquesderrida: леееееееееее
 17759 | Lair:1   | oplop: где там компучия
 17769 | Lair:1   | Found a labyrinth entrance.
 17779 | Lab      | Entered a labyrinth
 17780 | Lab      | jacquesderrida: ну кароч у болотников
 17780 | Lab      | namelastname112: амулетам новые тайлы запилили
 17782 | Lab      | jacquesderrida: Зах
 17812 | Lab      | oplop: а с хепли можно менять тамагочу?
 17843 | Lab      | oplop: или какого выбрал тот всегда и будет?
 17844 | Lab      | jacquesderrida: ДА!
 17849 | Lab      | jacquesderrida: НЕ!
 17876 | Lab      | jacquesderrida: ??ancestor
 17908 | Lab      | oplop: бим спит
 17912 | Lab      | jacquesderrida: suka blya bin ty gde
 18033 | Lab      | jacquesderrida: Корона, кажется, перезарядилась
 18048 | Lab      | jacquesderrida: 17000 ходов прошло
 18081 | Lab      | jacquesderrida: Сейчас кастанет на менотавра
 18106 | Lab      | jacquesderrida: С шансом 23%
 18384 | Lab      | Noticed a minotaur
 18391 | Lab      | Killed a minotaur
 18418 | Lab      | Identified the Reference Book on Creative Glamour
 18697 | Lair:1   | jacquesderrida: аййййййййййййййййййййй
 18725 | Lair:1   | Noticed Gastronok
 18728 | Lair:1   | jacquesderrida: СЛЕЕР
 18736 | Lair:1   | Killed Gastronok
 18736 | Lair:1   | Reached XP level 14. HP: 110/122 MP: 19/19
 19136 | Lair:1   | Noticed Erica
 19138 | Lair:1   | jacquesderrida: Опять эта дубина в рваной облеванной шапке
 19144 | Lair:1   | Killed Erica
 19163 | Lair:1   | jacquesderrida: Дурила!
 22736 | Lair:4   | You fall through a shaft for 3 floors!
 22882 | Lair:7   | Found a frozen archway.
 22964 | IceCv    | Entered an ice cave
 23205 | IceCv    | Reached skill level 15 in Unarmed Combat
 23259 | IceCv    | Reached skill level 10 in Invocations
 23548 | IceCv    | Noticed a frost giant
 23603 | IceCv    | Killed a frost giant
 23614 | IceCv    | Reached XP level 15. HP: 48/132 MP: 21/21
 23615 | IceCv    | Remembered your ancestor Nakurtum casting Metabolic Englaciation
 23689 | IceCv    | Got a flickering ivory ring
 23716 | Lair:7   | Identified the ring "Ukkay" {SustAt Str+3} (You found it in an ice cave)
 24056 | Lair:7   | epen: ??beem
 24264 | Lair:6   | Found a runed door.
 24264 | Lair:6   | Found a viscous altar of Jiyva.
 24271 | Lair:6   | Noticed an acid blob
 24457 | Lair:6   | Reached skill level 10 in Dodging
 24578 | Lair:6   | Found a staircase to the Swamp.
 25054 | Lair:6   | Noticed an acid blob
 25057 | Lair:6   | Found a staircase to the Slime Pits.
 25292 | Lair:5   | Found a hole to the Spider Nest.
 26191 | Lair:8   | Entered Level 8 of the Lair of Beasts
 26796 | Lair:8   | Reached skill level 16 in Unarmed Combat
 26806 | Lair:8   | Noticed Kirke
 26848 | Lair:8   | Noticed a sphinx
 26851 | Lair:8   | Paralysed by a sphinx for 5 turns
 27336 | Lair:8   | Killed Kirke
 27725 | Lair:8   | Got a polished crystal plate armour
 27736 | Lair:8   | Identified the +1 crystal plate armour "Jeerhum" {rF+} (You found it on level 8 of the Lair of Beasts)
 28566 | D:12     | Killed an orc warlord
 28566 | D:12     | Reached skill level 10 in Armour
 29318 | Orc:1    | Killed an orc warlord
 29318 | Orc:1    | Reached XP level 16. HP: 133/139 MP: 23/23
 29724 | Orc:2    | Entered Level 2 of the Orcish Mines
 29765 | Orc:2    | Paralysed by an orc sorcerer for 5 turns
 30013 | Orc:2    | Noticed Kidiri's ghost (journeyman HOFi)
 30035 | Orc:2    | Killed Kidiri's ghost
 30040 | Orc:2    | Found a staircase to the Elven Halls.
 30231 | Orc:2    | Reached skill level 10 in Shields
 30233 | Orc:2    | Found Ihega's Book Boutique.
 30279 | Orc:2    | Found an ancient bone altar of Kikubaaqudgha.
 30290 | Orc:2    | Paralysed by an orc sorcerer for 2 turns
 30315 | Orc:2    | Found a radiant altar of Vehumet.
 30316 | Orc:2    | Noticed Erolcha
 30327 | Orc:2    | Killed Erolcha
 30358 | Orc:2    | Found Viric's Distillery.
 30366 | Orc:2    | Bought a potion of heal wounds for 80 gold pieces
 30366 | Orc:2    | Bought a potion of heal wounds for 80 gold pieces
 30366 | Orc:2    | Bought a potion of heal wounds for 80 gold pieces
 30366 | Orc:2    | Bought a potion of might for 64 gold pieces
 30389 | Orc:2    | Found a roughly hewn altar of Beogh.
 30431 | Orc:2    | Found Wiuveosi's Antique Armour Boutique.
 30439 | Orc:2    | Found Jeduips's Gadget Shop.
 30456 | Orc:2    | Bought a glowing plate armour for 874 gold pieces
 30892 | D:15     | Entered Level 15 of the Dungeon
 30997 | D:15     | Killed from afar by a manticore

Vault maps used:
D:1:      minmay_arrival_arboretum_small
D:2:      lemuel_doored_altar, lightli_temple_of_fire, first_bread,
          minmay_misc_feat_plants, kennysheep_okawaru_gauntlet, uniq_sigmund,
          uniq_natasha
D:3:      nicolae_overflow_crystal_walls, nicolae_qazlal_style_of_elements
D:4:      evilmike_ruin_ashenzari, overflow_temple_1_default, temple_green
D:5:      demons_altar, basic_altar, uniq_eustachio
D:6:      gammafunk_temple_overflow_wave, marbit_many_paths,
          vehumet_altar_wand_db, kennysheep_mini_moat, uniq_prince_ribbit1,
          uniq_blork_the_orc, uniq_pikel
D:7:      nicolae_overflow_hidden_temple, lemuel_crystal_altar, kennysheep_mini
D:8:      dpeg_oklobed_lair, serial_shops, shop, shop, nicolae_shop_waterfront
D:9:      kennysheep_six_static_rooms, overflow_temple_1_default, grunt_pizzeria
D:10:     kennysheep_small_square, uniq_joseph
D:11:     nicolae_trove_entry_crystal
D:12:     minmay_klotski, minmay_orc_entry_temple_small, serial_shops, shop,
          uniq_sonja
D:13:     special_room
D:14:     lightli_vaults_fourway_checkpoint, serial_shops, shop,
          hangedman_abyss_or_decor_passed, serial_co_window_serial,
          co_window_of_opportunity_a, co_window_paths_a, co_window_corner_a,
          co_window_paths_a, co_window_paths_b, co_window_unsneaky_path_a,
          co_window_corner_ca, co_window_corner_cb, co_window_corner_cb,
          co_window_sun, co_window_4corner_a, glass_columns_a, minivault_5,
          uniq_urug
D:15:     grunt_enter_depths_snipers, serial_column_ruins,
          column_ruins_open_tiny, column_ruins_open_small,
          column_ruins_corridor_corner, column_ruins_corridor_straight,
          column_ruins_columns_straight, minmay_misc_feat_more_columns,
          corexii_corridor_pit
Lair:1:   lab_entry_generic, serial_forest, infiniplex_forest_zigzag_1,
          infiniplex_forest_clump_large, infiniplex_forest_lined_corner,
          infiniplex_forest_corner_1, infiniplex_forest_lined_room_2,
          infiniplex_forest_side_room, infiniplex_forest_lined_room_3,
          infiniplex_forest_corner_1, uniq_harold, uniq_erica, uniq_gastronok
Lair:3:   beast_lair_carwin_large_3, lemuel_fruit_tree
Lair:4:   infiniplex_staircase_pool, grunt_megastairs_3
Lair:5:   nicolae_spider_entry_orb_guardian
Lair:6:   minmay_swamp_entry_swarm, slime_altar_2
Lair:7:   portal_ice_cave_entry_imps, serial_bayou_pond_d
Lair:8:   due_jungle_book, st_stairs_7, grunt_megastairs_2, uniq_kirke
Orc:1:    enter_bailey_2, serial_shops,
          nicolae_shop_competitors_out_of_business, trog_hazing_becter
Orc:2:    kennysheep_orc_mage_school
Lab:      labyrinth_mini_lab
Bailey:   bailey_polearm_gnolls_kennysheep, bailey
IceCv:    ice_cave_caverns_03

Skill      XL: |  1  2  3  4  5  6  7  8  9 10 11 12 13 14 15 16 |
---------------+-------------------------------------------------+-----
Dodging        | 3 4 5 6 7 8 9 10 | 10.8
Unarmed Combat | 5 6 7 8 9 10 12 13 14 15 16 | 16.7
Fighting       | 4 5 6 7 8 9 10 11 12 | 12.6
Armour         | 1 2 3 4 5 6 7 8 9 10 | 10.3
Shields        | 1 3 4 6 7 8 9 10 | 10.1
Invocations    | 2 3 4 5 6 8 9 10 11 | 11.4
Stealth        | |  2.1

Action                   |  1- 3 |  4- 6 |  7- 9 | 10-12 | 13-15 | 16-18 || total
-------------------------+-------+-------+-------+-------+-------+-------++-------
Melee: Unarmed           |    65 |   164 |   283 |  1113 |  1861 |   292 ||  3778
Invok: Ancestor Life: He |       |     1 |       |       |       |       ||     1
       Recall Ancestor   |       |       |       |     3 |     5 |       ||     8
Hexer: Englaciati        |       |       |       |       |     1 |       ||     1
Evoke: Wand              |       |       |       |     1 |     3 |       ||     4
  Use: Scroll            |       |       |     6 |    20 |    15 |     2 ||    43
       Potion            |       |       |       |       |     7 |     1 ||     8
 Stab: Distracted        |       |     1 |     4 |     6 |     5 |     4 ||    20
       Confused          |       |       |     4 |    12 |    35 |     3 ||    54
  Eat: Chunk             |     4 |     6 |    16 |    62 |   140 |     5 ||   233
Armor: Robe              |     2 |       |       |       |       |       ||     2
       Chain mail        |    17 |    78 |    87 |   374 |    43 |       ||   599
       Crystal plate arm |       |       |       |       |   162 |    47 ||   209
       Plate armour      |       |       |       |       |   524 |    12 ||   536
Dodge: Dodged            |    18 |    55 |    79 |   405 |   368 |    30 ||   955
Block: Buckler           |       |    67 |   101 |   590 |       |       ||   758
       Reflection        |       |       |     2 |    16 |    48 |    11 ||    77
       Shield            |       |       |       |    24 |  1344 |   154 ||  1522
